 Dungeon Crawl Stone Soup version 0.31-a0-1074-g0b22e4e0f1 (webtiles) character file.

Game seed: 5595762713813928236

53 Curundu the Chopper (level 3, -5/31 HPs)
             Began as a Draconian Berserker on Dec 2, 2023.
             Was a Follower of Trog.
             Slain by Grinder (8 damage)
             ... on level 3 of the Dungeon.
             The game lasted 00:07:04 (1425 turns).

Curundu the Chopper (Draconian Berserker)           Turns: 1425, Time: 00:07:04

Health: -5/31      AC:  5    Str: 19    XL:     3   Next: 64%
Magic:  3/3        EV: 12    Int:  7    God:    Trog [*.....]
Gold:   11         SH:  0    Dex: 12    Spells: 2/2 levels left

rFire   . . .        a - +0 hand axe
rCold   . . .        (no shield)
rNeg    . . .        (body armour unavailable)
rPois   .            (helmet restricted)
rElec   .            (no cloak)
rCorr   .            (no gloves)
SInv    .            (no boots)
Will    .....        (no amulet)
Stlth   +            (no ring)
HPRegen 0.25/turn    (no ring)
MPRegen 0.08/turn

%: no passive effects
@: invisible
A: AC +5, unfitting armour, cold-blooded
a: Renounce Religion, Berserk


You were on level 3 of the Dungeon.
You worshipped Trog.
Trog was aware of your devotion.
You visited 1 branch of the dungeon, and saw 3 of its levels.

You collected 11 gold pieces.

Inventory:

Hand Weapons
 a - a +0 hand axe (weapon)
Missiles
 e - 4 stones
Scrolls
 b - a scroll of revelation {unknown}
 c - a scroll of silence {unknown}
 g - 3 scrolls of enchant armour {unknown}
Potions
 d - a potion of degeneration {unknown}
 f - a potion of invisibility
 h - a potion of haste {unknown}
 i - a potion of curing {unknown}


   Skills:
 + Level 3.6 Fighting
 + Level 3.9 Axes
 + Level 3.3 Dodging


You had 2 spell levels left.
You didn't know any spells.
Your spell library was empty.

Dungeon Overview and Level Annotations

Branches:
Dungeon (3/15)

Altars:

Shops:
D:1 :

Annotations:
D:3 Grinder


Innate Abilities, Weirdness & Mutations

Your plain brown scales are hard. (AC +5)
You cannot fit into any form of body armour.
You are cold-blooded and may be slowed by cold attacks.


Message History

Found a stone staircase leading down.
An orc priest and a dart slug come into view.
Grinder blinks!
Grinder blinks!
Grinder says, "Don't move a muscle."
Grinder blinks!
You start waiting.
Grinder is nearby!
Grinder barely misses you.
You barely miss Grinder. Grinder hits you!
You writhe in agony.
You hit Grinder.
Grinder is lightly wounded.
Grinder hits you.
You hit Grinder. You punch Grinder.
Grinder is moderately wounded.
Grinder gestures at you. Pain shoots through your body!
You hit Grinder.
Grinder is moderately wounded.
Grinder closely misses you.
It was a potion of invisibility.
You fade into invisibility!
Grinder gestures at you. Pain shoots through your body!
* * * LOW HITPOINT WARNING * * *
You hit Grinder.
Your tail-slap misses Grinder.
Grinder is moderately wounded.
Grinder gestures at you. Pain shoots through your body!
* * * LOW HITPOINT WARNING * * *
Grinder barely misses you.
Unknown command.
You hit Grinder but do no damage.
Grinder is moderately wounded.
Grinder barely misses you.
You hit Grinder.
Grinder is heavily wounded.
Grinder hits you!
You die...
Grinder says, "Now the real fun starts!"

##############.##
#.......@........
#.#######5####.##
#w# ... #.##.#
#....# #..###
#..# #.<# #..#


You could see Grinder (unable to see you) and a dart slug (unable to see you).

Vanquished Creatures
  2 adders (D:2)
  A dart slug (D:2)
  2 bats (D:2)
  6 endoplasms (D:2)
  A giant cockroach (D:2)
  2 goblins (D:2)
  3 hobgoblins (D:2)
  3 jackals (D:2)
  2 quokkas
  4 ball pythons (D:2)
  A frilled lizard (D:2)
  2 kobolds (D:2)
  A rat (D:2)
30 creatures vanquished.

Notes
Turn   | Place    | Note
-------+----------+-------------------------------------------
     0 | D:1      | Curundu the Draconian Berserker began the quest for the
                  | Orb.
     0 | D:1      | Reached XP level 1. HP: 19/19 MP: 1/1
    15 | D:1      | Found Uprivuz's Book Emporium.
    15 | D:1      | Noticed a walking divine tome
    16 | D:1      | You fall into a shaft and drop 1 floor!
   120 | D:2      | Reached XP level 2. HP: 25/26 MP: 2/2
   337 | D:2      | Reached XP level 3. HP: 31/31 MP: 3/3
   357 | D:2      | Identified the +1 robe "Metisurph" {Harm rC+}
   703 | D:2      | Reached ** piety under Trog
  1130 | D:2      | Identified the +1 ring mail "Kodiky" {Will+}
  1384 | D:3      | Noticed Grinder
  1425 | D:3      | Slain by Grinder

Illustrated notes

Levels and vault maps discovered:
D:1:      amcnicky_arrival_choice, layout_loops_cross, basic_ecumenical_altar,
          serial_shops, nicolae_shop_stone, nicolae_shop_mannequins,
          nicolae_shop_statue_plus, shop
D:2:      layout_loops_corners, minmay_misc_feat_tower, minmay_ruptured
D:3:      minmay_razor_zed, layout_loops_ring, nicolae_figureground_pulse,
          uniq_grinder

Skill      XL: |  1  2 |
---------------+-------+-----
Dodging        | 3 |  3.3
Fighting       | |  3.6
Axes           | |  3.9

Action                     || total
---------------------------++-------
  Melee: Hand axe          ||    95
         Tailslap          ||     6
         Punch             ||     1
    Use: Potion            ||     1
   Stab: Distracted        ||     1
 Armour: Skin              ||    44
  Dodge: Dodged            ||    54

Table legend: (Time is in decaauts)
 A = Elapsed time spent in this place.
 B = Non-inter-level travel time spent in this place.
 C = Inter-level travel time spent in this place.
 D = Time resting spent in this place.
 E = Time spent auto-exploring this place.
 F = Levels seen in this place.
 G = Mean time per level.
                   A        B        C        D        E       F      G
               +--------+--------+--------+--------+--------+-----+--------+
         Total |   1443 |   1443 |      0 |    183 |      0 |   3 |  481.0 |
       Dungeon |   1443 |   1443 |      0 |    183 |      0 |   3 |  481.0 |
               +--------+--------+--------+--------+--------+-----+--------+

Top non-repeatable levels by time:
     D:2: 1385 daAuts
     D:3: 41 daAuts
     D:1: 16 daAuts
